 Dungeon Crawl Stone Soup version 0.23-a0-121-g4413648 (webtiles) character file.

9086 Amnesiac the Zephyrmancer (level 11, -7/68 HPs)
             Began as a Mummy Air Elementalist on Aug 25, 2018.
             Was a High Priest of Vehumet.
             Mangled by a troll (16 damage)
             ... on level 9 of the Dungeon.
             The game lasted 00:22:48 (12040 turns).

Amnesiac the Zephyrmancer (Mummy Air Elementalist) Turns: 12040, Time: 00:22:49

Health: -7/68      AC:  4    Str: 12    XL:     11   Next: 18%
Magic:  0/27       EV: 12    Int: 20    God:    Vehumet [*****.]
Gold:   383        SH:  0    Dex: 17    Spells: 18/34 levels left

rFire    x . .     SeeInvis .   a - +7 hunting sling of Siquirix {velocity, rPois Int+3 Stlth+}
rCold    + . .     Gourm    .   (no shield)
rNeg     + + +     Faith    .   s - +2 robe {rN+}
rPois    ∞         Spirit   +   (no helmet)
rElec    .         Reflect  .   n - scarf {Spirit}
rCorr    +         Harm     .   (no gloves)
MR       +....                  (no boots)
Stlth    +++.......             (no amulet)
HPRegen  0.21/turn              o - ring of resist corrosion
MPRegen  0.20/turn              x - ring "Ezaymam" {Wiz Dex+4}

@: no status effects
A: no food or potions, fire vulnerability, cold resistance 1, negative energy
resistance 3, torment resistance, unbreathing
a: Renounce Religion


You were on level 9 of the Dungeon.
You worshipped Vehumet.
Vehumet was extremely pleased with you.
You were not hungry.

You visited 2 branches of the dungeon, and saw 10 of its levels.

You collected 497 gold pieces.
You spent 114 gold pieces at shops.

Inventory:

Hand Weapons
 a - the +7 hunting sling of Siquirix (weapon) {velocity, rPois Int+3 Stlth+}
   (You found it on level 4 of the Dungeon)

   Any stone fired from it inflicts extra damage.
   It affects your intelligence (+3).
   It protects you from poison.
   It makes you more stealthy.
 b - a +0 short sword of electrocution
Missiles
 f - 261 stones (quivered)
 j - 119 sling bullets
Armour
 n - a scarf of spirit shield (worn)
 s - a +2 robe of positive energy (worn)
Magical Staves
 v - an uncursed staff of death
Jewellery
 o - a ring of resist corrosion (left hand)
 x - the ring "Ezaymam" (right hand) {Wiz Dex+4}
   (You found it on level 7 of the Dungeon)

   [ring of wizardry]

   It improves your spell success rate.
   It affects your dexterity (+4).
Wands
 g - a wand of scattershot (5)
 m - a wand of random effects (76)
 p - a wand of flame (66)
 y - a wand of disintegration (3)
Scrolls
 c - 3 scrolls of fog {!r}
 d - a scroll of enchant weapon {!r, unknown}
 h - 3 scrolls of amnesia {!r}
 k - 2 scrolls of remove curse {!r}
 l - a scroll of magic mapping {!r}
 q - 4 scrolls of teleportation {!r}
 t - 2 scrolls of enchant armour {!r}


   Skills:
 - Level 1.5 Dodging
 - Level 1.5 Stealth
 + Level 12.0 Spellcasting
 - Level 0.7 Conjurations
 * Level 12.1 Air Magic


You had 18 spell levels left.
You knew the following spells:

 Your Spells              Type           Power        Failure   Level  Hunger
a - Airstrike             Air            ######....   1%          4    N/A
b - Mephitic Cloud        Conj/Pois/Air  ####....     1%          3    N/A
c - Confusing Touch       Hex            ##....       2%          1    N/A
d - Lightning Bolt        Conj/Air       #####.....   1%          5    N/A
e - Shock                 Conj/Air       ####         1%          1    N/A
z - Swiftness             Chrm/Air       #####...     1%          2    N/A

Your spell library contained the following spells:

 Spells                   Type           Power        Failure   Level  Hunger
 Iskenderun's Battlesphe  Conj/Chrm      ##......     14%         5    N/A
 Static Discharge         Conj/Air       #####...     1%          3    N/A
 Animate Skeleton         Necr           N/A          2%          1    N/A
 Apportation              Tloc           ##....       2%          1    N/A
 Summon Small Mammal      Summ           ##..         2%          1    N/A
 Confuse                  Hex            ##......     7%          3    N/A
 Gell's Gravitas          Tloc           ##........   7%          3    N/A
 Yara's Violent Unravell  Hex/Tmut       ##........   16%         5    N/A
 Petrify                  Tmut/Erth      ##......     22%         4    N/A
 Metabolic Englaciation   Hex/Ice        ##........   50%         5    N/A

Dungeon Overview and Level Annotations

Branches:
Dungeon (9/15)             Temple (1/1) D:4            Lair (0/6) D:8
    Orc (0/2) D:9

Altars:
Ashenzari
Cheibriados
Dithmenos
Elyvilon
Fedhas
Gozag
Hepliaklqana
Kikubaaqudgha
Makhleb
Nemelex Xobeh
Okawaru
Qazlal
Ru
Sif Muna
Trog
Uskayaw
Vehumet
Wu Jian
Xom
Yredelemnul
Zin
The Shining One

Shops:
D:6 [:

Annotations:
D:9 3 runed doors, Gorice's ghost, novice DEFE; MordorOrchid's ghost, novice GnWr


Innate Abilities, Weirdness & Mutations

You do not eat or drink.
Your flesh is vulnerable to fire.
You are immune to poison.
Your flesh is cold resistant. (rC+)
You are immune to negative energy. (rN+++)
You are immune to unholy pain and torment.
You can survive without breathing.


Message History

Press: ? - help, Shift-Dir - straight line, f/p - jelly
Aim: a jelly (severely wounded)
You shoot a stone. The stone hits the jelly!
You kill the jelly!
Vehumet accepts your kill.
Vehumet offers you knowledge of Iskenderun's Battlesphere.
Key pressed, stopping explore.
No target in view!
No target in view!
f - 266 stones (gained 1)
A troll comes into view.
Firing (i - inventory. (/) - cycle)
f - 266 stones (quivered)
Press: ? - help, Shift-Dir - straight line, f - troll
Aim: a troll (resting)
You shoot a stone. The stone hits the troll.
The troll shouts!
The troll is lightly wounded.
A troll is nearby!
Firing (i - inventory. (/) - cycle)
f - 265 stones (quivered)
Press: ? - help, Shift-Dir - straight line, f/p - troll
Aim: a troll (lightly wounded)
You shoot a stone. The stone hits the troll!
The troll is heavily wounded.
The troll bites you!! The troll closely misses you. The troll claws you!
A troll is nearby!
Firing (i - inventory. (/) - cycle)
f - 264 stones (quivered)
Press: ? - help, Shift-Dir - straight line, f/p - troll
Aim: a troll (heavily wounded)
You shoot a stone. The stone completely misses the troll.
The troll bites you. The troll claws you! x2
* * * LOW HITPOINT WARNING * * *
Casting: Airstrike (safe; 1% risk of failure)
Confirm with . or Enter, or press ? or * to list all spells.
Aiming: Airstrike (safe; 1% risk of failure)
Press: ? - help, Dir - move target cursor, f/p - troll
Aim: a troll (heavily wounded)
The air twists around and strikes the troll!
The troll is severely wounded.
The troll barely misses you. The troll claws you!
* * * LOW HITPOINT WARNING * * *
The troll claws you.
* * * LOW HITPOINT WARNING * * *
Casting: Airstrike (safe; 1% risk of failure)
Confirm with . or Enter, or press ? or * to list all spells.
Aiming: Airstrike (safe; 1% risk of failure)
Press: ? - help, Dir - move target cursor, f/p - troll
Aim: a troll (severely wounded)
The air twists around and strikes the troll!
The troll is almost dead.
The troll misses you. The troll closely misses you.
The troll claws you but does no damage.
Unknown command.
Firing (i - inventory. (/) - cycle)
f - 263 stones (quivered)
Press: ? - help, Shift-Dir - straight line, f/p - troll
Aim: a troll (almost dead)
You shoot a stone. The stone barely misses the troll.
The troll barely misses you. The troll claws you.
* * * LOW HITPOINT WARNING * * *
The troll closely misses you.
Firing (i - inventory. (/) - cycle)
f - 262 stones (quivered)
Press: ? - help, Shift-Dir - straight line, f/p - troll
Aim: a troll (almost dead)
You shoot a stone. The stone closely misses the troll.
The troll bites you!
You die...

###### ##### ###### .....# ....
...... ##...############...
.####### ##..............(..
........ ..................
........ ###.............T#
..###### #...######## #@# # #.).#
#.# .# # #...# #.########..######
###...##########.................
.................................
.....................############
####.##############..############
####.##############..............
.>...............................


You could see a troll.

Vanquished Creatures
  Erolcha (D:9)
  2 two-headed ogres
  Pikel (D:9)
  A deep elf mage (D:9)
  A troll (D:8)
  Prince Ribbit (D:9)
  3 hippogriffs
  Sigmund (D:2)
  5 yaks (D:9)
  2 hungry ghosts (D:9)
  4 slaves (D:9)
  3 ice beasts
  3 orc warriors
  4 phantoms
  3 sky beasts
  4 ogres
  2 centaurs
  7 bullfrogs
  2 scorpions (D:6)
  A water moccasin skeleton (D:4)
  3 killer bees (D:8)
  5 electric eels (D:8)
  5 crimson imps
  10 hounds
  3 jellies
  A centaur skeleton (D:8)
  7 orc priests
  7 orc wizards
  Terence (D:1)
  2 iguanas
  9 worker ants
  8 ogre zombies (D:9)
  A hound skeleton (D:8)
  11 adders
  3 gnolls (D:3)
  A howler monkey skeleton (D:5)
  A shadow imp (D:7)
  An ooze (D:2)
  2 adder zombies
  An adder skeleton (D:4)
  4 worms
  5 dart slugs
  2 leopard geckos
  27 orcs
  A bat zombie (D:7)
  5 giant cockroaches
  10 goblins
  7 hobgoblins
  16 jackals
  4 quokkas
  A ball python (D:4)
  12 bats
  5 frilled lizards
  A goblin skeleton (D:9)
  A goblin zombie (D:9)
  2 hobgoblin zombies (D:9)
  15 kobolds
  3 orc skeletons (D:9)
  16 orc zombies (D:9)
  A quokka skeleton (D:5)
  6 rats
  2 rat zombies (D:7)
279 creatures vanquished.

Vanquished Creatures (others)
  A withered plant (D:9)
1 creature vanquished.

Grand Total: 280 creatures vanquished

Notes
Turn   | Place    | Note
-------+----------+-------------------------------------------
     0 | D:1      | Amnesiac the Mummy Air Elementalist began the quest for the Orb.
     0 | D:1      | Reached XP level 1. HP: 13/13 MP: 4/4
     2 | D:1      | You fall through a shaft!
    71 | D:3      | Noticed an orc wizard
    84 | D:3      | Noticed an orc wizard
   112 | D:2      | Noticed Terence
   260 | D:2      | Reached XP level 2. HP: 18/19 MP: 0/5
   710 | D:2      | Noticed Sigmund
   998 | D:1      | Reached XP level 3. HP: 24/24 MP: 5/7
  1722 | D:1      | Killed Terence
  1722 | D:1      | Reached XP level 4. HP: 16/30 MP: 0/9
  1805 | D:1      | Learned a level 2 spell: Swiftness
  1810 | D:1      | Learned a level 4 spell: Airstrike
  2352 | D:2      | Found a sparkling altar of Nemelex Xobeh.
  2612 | D:2      | Found a stormy altar of Qazlal.
  2648 | D:3      | Reached XP level 5. HP: 35/35 MP: 2/11
  2957 | D:2      | Killed Sigmund
  2957 | D:2      | Reached skill level 5 in Air Magic
  2957 | D:2      | Reached XP level 6. HP: 20/41 MP: 0/13
  3070 | D:2      | Learned a level 5 spell: Lightning Bolt
  3127 | D:2      | Reached skill level 5 in Spellcasting
  3497 | D:4      | Got a pitted hunting sling
  3498 | D:4      | Found a staircase to the Ecumenical Temple.
  3517 | Temple   | Entered the Ecumenical Temple
  3586 | Temple   | Became a worshipper of Vehumet
  3749 | D:2      | Found a white marble altar of Elyvilon.
  3899 | D:2      | Learned a level 1 spell: Confusing Touch
  4177 | D:3      | Reached * piety under Vehumet
  4177 | D:3      | Offered knowledge of Magic Dart by Vehumet.
  4695 | D:4      | Identified the +7 hunting sling of Siquirix {velocity, rPois Int+3 Stlth+} (You found it on level 4 of the Dungeon)
  4726 | D:4      | Reached XP level 7. HP: 42/46 MP: 15/15
  5375 | D:5      | Entered Level 5 of the Dungeon
  5460 | D:5      | Found a basalt altar of Yredelemnul.
  5578 | D:5      | Found an ornate altar of the Wu Jian Council.
  6004 | D:5      | Reached ** piety under Vehumet
  6004 | D:5      | Offered knowledge of Searing Ray by Vehumet.
  6004 | D:5      | Reached XP level 8. HP: 52/52 MP: 11/18
  6508 | D:6      | Found a hide-covered altar of Uskayaw.
  6702 | D:6      | Found a blossoming altar of Fedhas.
  6871 | D:6      | Found Imatucog's Book Shoppe.
  6888 | D:6      | Found Efixurph's Antique Armour Boutique.
  6891 | D:6      | Bought a glowing robe for 114 gold pieces
  7100 | D:7      | Noticed a two-headed ogre
  7844 | D:6      | Found a hide-covered altar of Uskayaw.
  7956 | D:6      | Found Efixurph's Antique Armour Boutique.
  7974 | D:6      | Found Imatucog's Book Shoppe.
  8052 | D:6      | Found a blossoming altar of Fedhas.
  8452 | D:7      | Found a glowing golden altar of the Shining One.
  8474 | D:7      | Found a snail-covered altar of Cheibriados.
  8476 | D:7      | Found a shadowy altar of Dithmenos.
  8554 | D:7      | Offered knowledge of Mephitic Cloud by Vehumet.
  8560 | D:7      | Learned a level 3 spell: Mephitic Cloud
  8669 | D:7      | Noticed a hippogriff
  8680 | D:7      | Killed a hippogriff
  8680 | D:7      | Reached XP level 9. HP: 51/57 MP: 13/21
  8724 | D:7      | Got a coiled brass ring
  8725 | D:7      | Identified the ring "Ezaymam" {Wiz Dex+4} (You found it on level 7 of the Dungeon)
  8833 | D:7      | Found an ancient bone altar of Kikubaaqudgha.
  8933 | D:7      | Found a stormy altar of Qazlal.
  9073 | D:7      | Killed a two-headed ogre
  9333 | D:8      | Reached *** piety under Vehumet
  9390 | D:8      | Reached skill level 10 in Spellcasting
  9390 | D:8      | Reached skill level 10 in Air Magic
  9661 | D:8      | Noticed a troll
  9666 | D:8      | Reached XP level 10. HP: 43/63 MP: 14/24
  9668 | D:8      | Offered knowledge of Sticky Flame by Vehumet.
  9934 | D:8      | Found a staircase to the Lair.
 10086 | D:8      | Got a heavily runed scale mail
 10107 | D:8      | Found a shattered altar of Ashenzari.
 10203 | D:8      | Noticed a two-headed ogre
 10215 | D:8      | Killed a two-headed ogre
 10606 | D:8      | Identified the +5 scale mail "Cobol" {+Inv} (You found it on level 8 of the Dungeon)
 10903 | D:9      | Noticed a deep elf mage
 10925 | D:9      | Noticed an orange demon
 10934 | D:9      | Killed a deep elf mage
 10941 | D:9      | Reached **** piety under Vehumet
 11126 | D:9      | Found a staircase to the Orcish Mines.
 11137 | D:9      | Offered knowledge of Conjure Flame by Vehumet.
 11228 | D:9      | Noticed Pikel
 11243 | D:9      | Killed Pikel
 11397 | D:9      | Noticed Erolcha
 11410 | D:9      | Killed Erolcha
 11410 | D:9      | Reached XP level 11. HP: 56/68 MP: 10/26
 11556 | D:9      | Noticed Prince Ribbit
 11560 | D:9      | Killed Prince Ribbit
 11834 | D:9      | Found a sacrificial altar of Ru.
 11837 | D:9      | Found a deep blue altar of Sif Muna.
 11896 | D:9      | Reached ***** piety under Vehumet
 11909 | D:9      | Found a runed gate.
 11909 | D:9      | Found a runed gate.
 11910 | D:9      | Found a runed gate.
 11910 | D:9      | Noticed Gorice's ghost (novice DEFE)
 11914 | D:9      | Noticed MordorOrchid's ghost (novice GnWr)
 12022 | D:9      | Offered knowledge of Iskenderun's Battlesphere by Vehumet.
 12040 | D:9      | Mangled by a troll

Vault maps used:
D:1:      minmay_arrival_four_circles
D:2:      nicolae_overflow_hidden_temple, lemuel_coloured_pillars_altar,
          nemelex_dance_club_becter, uniq_terence, uniq_sigmund
D:3:      first_ration, minmay_joined_circles
D:4:      minmay_temple_entry_junction_2
D:5:      yredelemnul_altar_generic, kennysheep_mini_moat,
          serial_co_window_serial, co_window_of_opportunity_a,
          co_window_paths_a, co_window_corner_a, co_window_corner_a,
          co_window_paths_b, co_window_corner_b, co_window_paths_c,
          co_window_broadway_a, co_window_broadway_a, glass_columns_b,
          glass_columns_a, glass_columns_c
D:6:      kennysheep_mini, basic_altar, serial_shops, nicolae_shop_behind_doors,
          nicolae_shop_window_shopping
D:7:      lemuel_zombie_altar_kikubaaqudgha, grunt_temple_overflow_open,
          st_stairs_8, grunt_qazlal_clouds
D:8:      ashenzari_altar_1, erik_lair_island
D:9:      chequers_temple_overflow_statue_of_worship, zombieorc2_lemuel,
          gammafunk_ghost_cemetery, uniq_pikel, uniq_erolcha,
          uniq_prince_ribbit1
Temple:   zaba_magenta_temple

Skill      XL: |  1  2  3  4  5  6  7  8  9 10 11 |
---------------+----------------------------------+-----
Air Magic      | 3 4 5 6 8 10 11 12 | 12.1
Spellcasting   | 3 4 5 6 8 10 11 12 | 12.0
Dodging        | |  1.5
Stealth        | |  1.5
Conjurations   | |  0.7

Action                   |  1- 3 |  4- 6 |  7- 9 | 10-12 || total
-------------------------+-------+-------+-------+-------++-------
Melee: Unarmed           |     5 |       |       |       ||     5
 Fire: Hunting sling     |    23 |    76 |   264 |   152 ||   515
 Cast: Shock             |    80 |   103 |       |    15 ||   198
       Airstrike         |       |    10 |    36 |    73 ||   119
       Lightning Bolt    |       |       |     4 |     7 ||    11
       Mephitic Cloud    |       |       |     1 |     4 ||     5
Evoke: Wand              |       |       |       |     5 ||     5
  Use: Scroll            |       |     1 |       |     7 ||     8
Armor: Robe              |    21 |    25 |    22 |    11 ||    79
Dodge: Dodged            |    81 |    76 |    60 |    42 ||   259

Table legend:
 A = Non-vault XP
 B = Vault XP
 C = Vault XP percentage of total XP
 D = Non-vault monster count
 E = Vault monster count
 F = Vault count percentage of total count
                 A         B        C        D         E       F
            +---------+---------+-------+---------+---------+-------
      Total |    9557 |    3423 |  26.4 |     211 |      64 |  23.3
            +---------+---------+-------+---------+---------+-------
        D:1 |      61 |      38 |  38.4 |      32 |       1 |   3.0
        D:2 |     114 |     230 |  66.9 |      22 |       3 |  12.0
        D:3 |     188 |      47 |  20.0 |      30 |      13 |  30.2
        D:4 |     237 |       0 |   0.0 |      14 |       0 |   0.0
        D:5 |     549 |       0 |   0.0 |      14 |       0 |   0.0
        D:6 |    1013 |       0 |   0.0 |      25 |       0 |   0.0
        D:7 |    1500 |       7 |   0.5 |      17 |       4 |  19.0
        D:8 |    3014 |     509 |  14.4 |      30 |       6 |  16.7
        D:9 |    2879 |    2592 |  47.4 |      26 |      37 |  58.7
     Temple |       2 |       0 |   0.0 |       1 |       0 |   0.0
            +---------+---------+-------+---------+---------+-------
